 Dungeon Crawl Stone Soup version 0.30-a0-1016-gfb0d676c02 (webtiles) character file.

Game seed: 5365461579267404775

144 xian the Shooter (level 5, 0/38 HPs)
             Began as a Formicid Hexslinger on Apr 6, 2023.
             Slain by an orc
             ... wielding a +0 hand axe
              (1 damage)
             ... on level 3 of the Dungeon.
             The game lasted 00:05:39 (2630 turns).

xian the Shooter (Formicid Hexslinger)              Turns: 2630, Time: 00:05:40

Health: 0/38       AC:  4    Str: 16    XL:     5   Next: 51%
Magic:  6/6        EV: 12    Int: 13    God:
Gold:   208        SH:  0    Dex: 14    Spells: 2/6 levels left

rFire   . . .      SeeInvis +    a - +1 sling
rCold   . . .      Faith    .    (no shield)
rNeg    . . .      Spirit   .    s - +0 leather armour
rPois   .          Reflect  .    (helmet unavailable)
rElec   .          Rampage  .    (no cloak)
rCorr   .                        (no gloves)
Will    .....                    n - +0 pair of boots
Stlth   +                        (no amulet)
HPRegen 0.26/turn                (no ring)
MPRegen 0.10/turn                (no ring)

@: no status effects
A: permanent stasis, dig shafts and tunnels, antennae 3, four strong arms
a: Dig, Shaft Self


You were on level 3 of the Dungeon.
You visited 1 branch of the dungeon, and saw 4 of its levels.

You collected 208 gold pieces.

Inventory:

Hand Weapons
 a - a +1 sling (weapon)
Armour
 n - a +0 pair of boots (worn)
 s - a +0 leather armour (worn)
Wands
 u - a wand of flame (4)
 w - a wand of digging (4)
Scrolls
 b - a scroll of poison
 c - a scroll of fear {unknown}
 d - 3 scrolls of noise {unknown}
 g - a scroll of enchant armour {unknown}
 h - 5 scrolls of identify {unknown}
 i - a scroll of vulnerability {unknown}
 k - 2 scrolls of blinking {unknown}
 m - a scroll of teleportation {unknown}
 p - a scroll of acquirement {unknown}
 q - a scroll of torment {unknown}
 r - 2 scrolls of immolation {unknown}
Potions
 e - 2 potions of heal wounds {unknown}
 f - 2 potions of lignification {unknown}
 j - 2 potions of curing {unknown}
 l - a potion of haste {unknown}
 o - a potion of berserk rage {unknown}
 t - a potion of cancellation {unknown}
 v - a potion of attraction {unknown}


   Skills:
 + Level 2.1 Fighting
 + Level 4.4 Ranged Weapons
 + Level 0.7 Armour
 + Level 2.1 Dodging
 + Level 1.1 Spellcasting
 + Level 3.8 Hexes
 + Level 0.5 Evocations


You had 2 spell levels left.
You knew the following spells:

 Your Spells              Type           Power      Damage    Failure   Level
a - Slow                  Hex            40%        N/A       7%          1
b - Inner Flame           Hex/Fire       5%         N/A       43%         3

Your spell library contained the following spells:

 Spells                   Type           Power      Damage    Failure   Level
 Portal Projectile        Hex/Tloc       10%        N/A       43%         3
 Cause Fear               Hex            5%         N/A       56%         4
 Ozocubu's Armour         Ice            0%         N/A       71%         3
 Metabolic Englaciation   Hex/Ice        2%         N/A       99%         5
 Simulacrum               Ice/Necr       0%         N/A       100%        6


Dungeon Overview and Level Annotations

Branches:
Dungeon (4/15)
 Temple: D:4-7

Altars:
Hepliaklqana

Shops:
D:3 ((


Innate Abilities, Weirdness & Mutations

You cannot be hasted, slowed, berserked, paralysed or teleported.
You can dig through walls and to a lower floor.
You have a pair of large antennae on your head. (SInv)
Your four strong arms can wield two-handed weapons with a shield.


Message History

The orc priest is severely wounded.
The orc priest invokes the aid of Beogh against you.
Pain shoots through your body!
* * * LOW HITPOINT WARNING * * *
The orc closely misses you.
Aiming: Throw Flame
Press: ? - help, Shift-Dir - straight line, f/p - orc priest
Aim: an orc priest, wielding a +0 club (severely wounded, 68% to hit)
The puff of flame misses the orc priest.
The orc priest miscasts a cantrip.
The orc hits you with a +0 hand axe.
* * * LOW HITPOINT WARNING * * *
Aiming: Throw Flame
Press: ? - help, Shift-Dir - straight line, f/p - orc priest
Aim: an orc priest, wielding a +0 club (severely wounded, 68% to hit)
The puff of flame hits the orc priest.
You kill the orc priest!
The orc hits you with a +0 hand axe.
* * * LOW HITPOINT WARNING * * *
Aiming: Throw Flame
Press: ? - help, Shift-Dir - straight line, f - orc
Aim: an orc, wielding a +0 hand axe and wearing a +0 ring mail (72% to hit)
The puff of flame misses the orc.
The orc hits you but does no damage.
Aiming: Throw Flame
Press: ? - help, Shift-Dir - straight line, f/p - orc
Aim: an orc, wielding a +0 hand axe and wearing a +0 ring mail (72% to hit)
The puff of flame hits the orc.
The orc is lightly wounded.
The orc hits you with a +0 hand axe.
* * * LOW HITPOINT WARNING * * *
Aiming: Throw Flame
Press: ? - help, Shift-Dir - straight line, f/p - orc
Aim: an orc, wielding a +0 hand axe and wearing a +0 ring mail (72% to hit)
The puff of flame misses the orc.
The orc barely misses you.
Unknown command.
Aiming: Throw Flame
Press: ? - help, Shift-Dir - straight line, f/p - orc
Aim: an orc, wielding a +0 hand axe and wearing a +0 ring mail (72% to hit)
The puff of flame misses the orc.
The orc hits you with a +0 hand axe.
You die...

## .# .# .# .#
.###########
........##.#######
...............o@#
#.####..##...###)# ..##
#..##..## #.#########
...###.....## #.##......#
#...##..##.# #.##.####.#
..)..#.....# #.##.# #.#
........##.# #.##.# #.#
..∩........#####.##.####.#
...............#.........#


You could see an orc.

Vanquished Creatures
  An orc priest (D:3)
  Ijyb (D:3)
  3 adders (D:2)
  2 orcs (D:3)
  7 bats
  7 endoplasms
  A giant cockroach (D:1)
  4 goblins
  6 hobgoblins
  3 jackals (D:2)
  4 quokkas
  5 ball pythons
  4 frilled lizards
  5 kobolds
  3 rats
  A spectral orc (D:3)
57 creatures vanquished.

Notes
Turn   | Place    | Note
-------+----------+-------------------------------------------
     0 | D:1      | xian the Formicid Hexslinger began the quest for the Orb.
     0 | D:1      | Reached XP level 1. HP: 15/15 MP: 2/2
   343 | D:1      | Reached XP level 2. HP: 19/21 MP: 3/3
   570 | D:1      | Reached XP level 3. HP: 26/26 MP: 4/4
   607 | D:1      | Reached skill level 3 in Ranged Weapons
   885 | D:1      | Found a faded altar of an unknown god.
  1207 | D:2      | Reached XP level 4. HP: 19/33 MP: 5/5
  1875 | D:3      | Learned a level 3 spell: Inner Flame
  2055 | D:3      | Found Kaergh's Weapon Shoppe.
  2122 | D:3      | Found Tycanam's Weapon Boutique.
  2242 | D:3      | Noticed Ijyb
  2261 | D:3      | Killed Ijyb
  2262 | D:3      | Reached skill level 4 in Ranged Weapons
  2262 | D:3      | Reached XP level 5. HP: 33/38 MP: 6/6
  2474 | D:3      | Found a hazy altar of Hepliaklqana.
  2628 | D:3      | HP: 1/38 [orc/+0 hand axe (2)]
  2630 | D:3      | Slain by an orc

Illustrated notes

Levels and vault maps discovered:
D:1:      reono_arrival_forest_river, layout_basic, basic_ecumenical_altar,
          st_stairs_6
D:2:      layout_basic, chequers_avenue
D:3:      layout_basic, nicolae_hepliaklqana_monster_ancestors, serial_shops,
          nicolae_shop_bloodbath_and_beyond, nicolae_shop_trees, uniq_ijyb
D:4:      layout_basic, reono_crystal_passage, minmay_circle_x

Skill      XL: |  1  2  3  4 |
---------------+-------------+-----
Ranged Weapons | 3 4 |  4.4
Dodging        | 2 |  2.1
Fighting       | 2 |  2.1
Armour         | |  0.7
Spellcasting   | |  1.1
Hexes          | |  3.8
Evocations     | |  0.5

Action                     |  1- 3 |  4- 6 || total
---------------------------+-------+-------++-------
   Fire: Sling             |   117 |   100 ||   217
   Cast: Slow              |     1 |       ||     1
  Evoke: Wand              |       |    14 ||    14
 Armour: Robe              |    14 |    11 ||    25
         Leather armour    |       |     8 ||     8
  Dodge: Dodged            |    44 |    48 ||    92

Table legend: (Time is in decaauts)
 A = Elapsed time spent in this place.
 B = Non-inter-level travel time spent in this place.
 C = Inter-level travel time spent in this place.
 D = Time resting spent in this place.
 E = Time spent auto-exploring this place.
 F = Levels seen in this place.
 G = Mean time per level.
                   A        B        C        D        E       F      G
               +--------+--------+--------+--------+--------+-----+--------+
         Total |   2688 |   2645 |     43 |      0 |   2151 |   4 |  672.0 |
       Dungeon |   2688 |   2645 |     43 |      0 |   2151 |   4 |  672.0 |
               +--------+--------+--------+--------+--------+-----+--------+

Top non-repeatable levels by time:
     D:1: 1052 daAuts
     D:3: 816 daAuts
     D:2: 815 daAuts
     D:4: 2 daAuts
